 Dungeon Crawl Stone Soup version 0.28.0-47-ge53b351184 (webtiles) character file.

Game seed: 6167955848629255711

5366 CuBeRJAN3 the Fighter (level 10, -9/92 HPs)
             Began as a Palentonga Fighter on May 2, 2022.
             Was a Believer of Ashenzari.
             Mangled by a hornet (10 damage)
             ... on level 8 of the Dungeon.
             The game lasted 00:37:00 (13609 turns).

CuBeRJAN3 the Fighter (Palentonga Fighter)         Turns: 13609, Time: 00:37:00

Health: -9/92      AC: 20    Str: 25    XL:     10   Next: 39%
Magic:  10/10      EV:  6    Int:  8    God:    Ashenzari [**....]
Gold:   182        SH:  5    Dex:  9    Spells: 9/9 levels left

rFire   . . .      SeeInvis +   a - +0 war axe "Overhang to Understand" {Cun, Fort} (curse)
rCold   . . .      Faith    .   c - +0 buckler "Tethered Omen" {Cun, Bglg} (curse)
rNeg    . . .      Spirit   .   H - +3 chain mail {rPois}
rPois   +          Reflect  .   w - +0 helmet "Circumscribed Lethargy" {Evo, Cun} (curse)
rElec   .          Harm     .   (no cloak)
rCorr   .          Rampage  .   (no gloves)
Will    +....                   (no barding)
Stlth   ..........              (no amulet)
HPRegen 0.25/turn               x - ring of flight
MPRegen 0.12/turn               F - ring of willpower

@: lethally poisoned (-9 -> -11), about to teleport, flying, studying Fighting,
curled up
A: large, rugged brown scales 3, see invisible, deformed body, roll 1, armoured
tail, reflexive curl
a: Rolling Charge, Renounce Religion, Shatter the Chains


You were on level 8 of the Dungeon.
You worshipped Ashenzari.
Ashenzari was pleased with you.
You visited 2 branches of the dungeon, and saw 9 of its levels.
You also visited: Bailey.

You collected 350 gold pieces.
You spent 168 gold pieces at shops.

Inventory:

Hand Weapons
 a - the cursed +0 war axe "Overhang to Understand" (weapon) {Cun, Fort}

   It has a curse which improves the following skills: Cunning: Dodging and
   Stealth.
   Fortitude: Armour and Shields.
Missiles
 v - a throwing net
Armour
 b - a +0 scale mail
 c - the cursed +0 buckler "Tethered Omen" (worn) {Cun, Bglg}

   It has a curse which improves the following skills: Cunning: Dodging and
   Stealth.
   Beguiling: Conjurations, Hexes and Translocations.
 o - a +0 leather armour of poison resistance
 w - the cursed +0 helmet "Circumscribed Lethargy" (worn) {Evo, Cun}
   (You took it off Robin on level 4 of the Dungeon)

   It has a curse which improves the following skills: Evocations: Evocations.
   Cunning:   Dodging and Stealth.
 H - a +3 chain mail of poison resistance (worn)
Jewellery
 i - a +4 ring of evasion
 q - a ring of protection from fire
 x - a ring of flight (left hand)
 F - a ring of willpower (right hand)
Wands
 A - a wand of acid (7)
 D - a wand of iceblast (13)
Scrolls
 f - a scroll of magic mapping
 h - 3 scrolls of teleportation
 j - 4 scrolls of summoning
 l - 2 scrolls of vulnerability
 m - 2 scrolls of brand weapon
 p - a scroll of fog
 r - 2 scrolls of immolation
 u - a scroll of enchant armour
 y - a scroll of blinking
 C - a scroll of silence
 G - a scroll of enchant weapon
Potions
 d - 2 potions of might
 e - 5 potions of degeneration
 g - 5 potions of curing
 k - 2 potions of invisibility
 n - a potion of ambrosia
 s - 2 potions of resistance
 t - 2 potions of attraction
 z - 4 potions of brilliance
 B - a potion of flight


   Skills:
 * Level 10.7 Fighting
 * Level 9.3 Axes
 + Level 5.7(7.0) Armour
 + Level 5.8(7.0) Shields


You had 9 spell levels left.
You didn't know any spells.
Your spell library contained the following spells:

 Spells                   Type           Power      Damage    Failure   Level
 Magic Dart               Conj           0%         1d3       96%         1
 Call Imp                 Summ           0%         N/A       99%         2
 Corpse Rot               Necr/Air       0%         N/A       99%         2
 Sublimation of Blood     Necr           0%         N/A       99%         2
 Mephitic Cloud           Conj/Pois/Air  0%         N/A       100%        3
 Tukima's Dance           Hex            0%         N/A       100%        3
 Anguish                  Hex/Necr       0%         N/A       100%        4
 Dispel Undead            Necr           0%         3d6       100%        4
 Petrify                  Tmut/Erth      0%         N/A       100%        4
 Irradiate                Conj/Tmut      0%         3d14      100%        5
 Death Channel            Necr           0%         N/A       100%        6
 Enfeeble                 Hex            0%         N/A       100%        7


Dungeon Overview and Level Annotations

Branches:
Dungeon (8/15)             Temple (1/1) D:4          Bailey (visited)
   Lair: D:8-11

Altars:
Ashenzari
Cheibriados
Dithmenos
Elyvilon
Fedhas
Gozag
Hepliaklqana
Kikubaaqudgha
Makhleb
Nemelex Xobeh
Okawaru
Ru
Sif Muna
Trog
Uskayaw
Vehumet
Wu Jian
Xom
Yredelemnul
Zin

Shops:
D:2 :   D:4 !   D:6 :

Annotations:
D:8 exclusion: oklob plant


Innate Abilities, Weirdness & Mutations

You are completely covered in rugged brown scales. (AC +3, +7% HP)
You have supernaturally acute eyesight. (SInv)
Armour fits poorly on your strangely shaped body.
You can roll at nearby foes to attack.
You have a long armoured tail.
You curl defensively after being hit. (AC +7*)


Message History

You barely miss the hornet.
Your tail-slap misses the hornet.
The hornet is lightly wounded.
The hornet stings you. The hornet stings you! The hornet barely misses you.
You slash the hornet!
Your tail-slap misses the hornet.
The hornet is heavily wounded.
You feel yourself speed up. The hornet stings you!
You feel yourself slow down. The hornet closely misses you.
You barely miss the hornet.
Your tail-slap misses the hornet.
The hornet is heavily wounded.
The hornet stings you.
You feel as though you will be slow longer.
The hornet stings you but does no damage. x2
You miss the hornet.
The hornet is heavily wounded.
The hornet stings you.
You are poisoned.
The hornet stings you but does no damage.
You barely miss the hornet.
The hornet is heavily wounded.
You feel very sick.
The hornet stings you but does no damage.
The hornet stings you.
The hornet stings you but does no damage.
You hit the hornet.
Your tail-slap misses the hornet.
The hornet is severely wounded.
You feel very sick. The hornet barely misses you. The hornet stings you!
* * * LOW HITPOINT WARNING * * *
The hornet stings you but does no damage.
As you read the scroll of teleportation, it crumbles to dust.
You feel strangely unstable.
You feel yourself speed up.
You feel sick. The hornet barely misses you. The hornet stings you!
* * * LOW HITPOINT WARNING * * *
* * * LOW HITPOINT WARNING * * *
You feel sick.
* * * LOW HITPOINT WARNING * * *
You feel sick. The hornet stings you!
You die...

.....#[.........#
#............
...###..........#
, #............
...#########....#,
....####.....
...'†..#...#....*,
* ,
...#†..#...#.... ,
* ...#...#...≈≈≈≈
* ,
...###....≈P.♣♣♣♣♣
,,
#'####...≈P..♣..:♣
, , * ...
#........'##@♣ ,
....#.........#≈y♣
*,, ,
....#.....♣♣..#≈♣♣
, ,,
....#....≈♣≈###s≈♣
....#...≈≈##^ ≈#≈♣
, ....#...≈†#≈*#≈
≈♣ , ......≈≈##
#+*≈♣ * , ,
......≈≈≈♣, +♣* ,,
....#...≈≈♣ *, ,


You could see a hornet and a scorpion.

Vanquished Creatures
  Pikel (D:6)
  A kobold demonologist (Bailey)
  A troll (D:7)
  Grinder (D:6)
  Eustachio (D:5)
  Menkaure (D:6)
  A steam dragon (D:8)
  2 water moccasins
  9 orc warriors
  An ice beast (D:6)
  A necrophage (D:5)
  2 black bears
  3 centaurs
  A sky beast (D:7)
  2 ogres
  A lemure (D:6)
  2 phantoms
  A kobold brigand (D:5)
  A bullfrog (D:7)
  4 scorpions
  A wyvern skeleton (D:6)
  A water moccasin skeleton (D:5)
  An oklob sapling (D:8)
  4 wights
  An electric eel (Bailey)
  A bullfrog zombie (D:5)
  7 hounds
  A centaur zombie (D:5)
  2 orc priests (D:7)
  A jelly (D:6)
  A bullfrog skeleton (D:5)
  Jessica (D:2)
  A centaur skeleton (D:4)
  5 iguanas
  2 orc wizards
  A hound skeleton (D:4)
  Robin (D:4)
  13 gnolls
  15 adders
  2 white imps
  An ufetubus (D:4)
  2 worms
  2 dart slugs
  20 orcs
  6 endoplasms
  2 giant cockroaches (D:2)
  21 goblins
  16 hobgoblins
  10 jackals
  10 kobolds
  A quokka (D:2)
  19 ball pythons
  4 bats
  4 frilled lizards
  5 rats
222 creatures vanquished.

Vanquished Creatures (others)
  3 plants (D:8)
3 creatures vanquished.

Grand Total: 225 creatures vanquished

Notes
Turn   | Place    | Note
-------+----------+-------------------------------------------
     0 | D:1      | CuBeRJAN3 the Palentonga Fighter began the quest for the
                  | Orb.
     0 | D:1      | Reached XP level 1. HP: 19/19 MP: 1/1
   275 | D:1      | Reached XP level 2. HP: 25/25 MP: 2/2
  1006 | D:2      | Reached XP level 3. HP: 31/31 MP: 3/3
  1383 | D:2      | Noticed Jessica
  1405 | D:2      | Found Zelliaz's Book Emporium.
  1414 | D:2      | Killed Jessica
  1651 | D:2      | Reached XP level 4. HP: 39/39 MP: 4/4
  2552 | D:3      | Reached skill level 4 in Fighting
  2596 | D:3      | Reached XP level 5. HP: 44/44 MP: 5/5
  3306 | D:4      | Found a broken altar of Ashenzari.
  3310 | D:4      | Became a worshipper of Ashenzari the Shackled
  3530 | D:4      | Reached XP level 6. HP: 27/52 MP: 6/6
  3934 | D:4      | Found Vehaitol's Distillery.
  3952 | D:4      | Bought a potion of might for 56 gold pieces
  4198 | D:4      | Noticed Robin
  4206 | D:4      | Killed Robin
  4218 | D:3      | Reached skill level 5 in Fighting
  4223 | D:3      | Gained mutation: You curl defensively after being hit. (AC
                  | +7*) [Palentonga growth]
  4223 | D:3      | Reached XP level 7. HP: 47/59 MP: 7/7
  4539 | D:4      | Found a staircase to the Ecumenical Temple.
  4578 | Temple   | Entered the Ecumenical Temple
  5661 | D:5      | Entered Level 5 of the Dungeon
  5785 | D:5      | Noticed Eustachio
  5892 | D:5      | Reached skill level 5 in Axes
  6028 | D:5      | Killed Eustachio
  6029 | D:5      | Reached skill level 6 in Fighting
  6160 | D:5      | Reached XP level 8. HP: 68/68 MP: 8/8
  6179 | D:5      | Found an iron altar of Okawaru.
  6398 | D:4      | Bought 2 potions of brilliance for 112 gold pieces
  7100 | D:6      | Found Umiz's Book Shoppe.
  7125 | D:6      | Noticed Pikel
  7242 | D:6      | Killed Pikel
  7243 | D:6      | Reached skill level 7 in Fighting
  7253 | D:6      | Reached * piety under Ashenzari
  7454 | D:6      | Reached XP level 9. HP: 77/77 MP: 9/9
  7592 | D:6      | Found a shimmering altar of Xom.
  7772 | D:6      | Noticed Menkaure
  7780 | D:6      | Killed Menkaure
  9149 | D:6      | Noticed Grinder
  9168 | D:6      | Killed Grinder
  9169 | D:6      | Reached skill level 8 in Fighting
  9169 | D:6      | Reached skill level 5 in Armour
  9169 | D:6      | Reached skill level 5 in Shields
  9286 | D:6      | Found a burning altar of Makhleb.
  9297 | D:6      | Noticed a green death
  9866 | D:7      | Found a glowing silver altar of Zin.
  9866 | D:7      | Found a flagged portal.
  9878 | Bailey   | Entered a bailey
 10499 | Bailey   | Reached skill level 9 in Fighting
 10826 | Bailey   | Noticed a kobold demonologist
 10835 | Bailey   | Killed a kobold demonologist
 10990 | Bailey   | Found an iron altar of Okawaru.
 10991 | Bailey   | Noticed a kobold demonologist
 10993 | Bailey   | Reached ** piety under Ashenzari
 11013 | D:7      | Reached XP level 10. HP: 12/81 MP: 10/10
 11717 | D:7      | Reached skill level 10 in Fighting
 12020 | D:7      | Found a white marble altar of Elyvilon.
 12026 | D:7      | Found a shadowy altar of Dithmenos.
 12028 | D:7      | Found an ancient bone altar of Kikubaaqudgha.
 12029 | D:7      | Found an opulent altar of Gozag.
 12160 | D:7      | Found a snail-covered altar of Cheibriados.
 13578 | D:8      | Noticed an oklob plant
 13587 | D:8      | Identified the Catalogue of Nature
 13607 | D:8      | HP: 2/92 [hornet (10)]
 13609 | D:8      | Mangled by a hornet

Illustrated notes

Levels and vault maps discovered:
D:1:      amcnicky_arrival_feature_with_door, layout_loops_cross, minmay_tall_x
D:2:      layout_basic, serial_shops, shop, serial_co_window_serial,
          co_window_corner_a, co_window_paths_a, co_window_paths_a,
          co_window_corner_a, co_window_paths_b, co_window_corner_a,
          co_window_paths_a, co_window_paths_b, co_window_corner_a,
          co_window_cross_2, co_window_2corner, co_window_of_opportunity_b,
          co_window_paths_c, co_window_4corner_a, glass_columns_b,
          glass_columns_b, glass_columns_b, glass_columns_a, glass_columns_a,
          uniq_jessica
D:3:      layout_basic
D:4:      minmay_chambers_of_twos, layout_basic, overflow_temple_1_default,
          minmay_temple_entry_tees, serial_shops, shop, uniq_robin
D:5:      layout_basic, kennysheep_little_box, uniq_eustachio
D:6:      layout_gridville, marbit_many_paths, makhleb_altar_promises_db,
          serial_shops, nicolae_lakefront_shop, minmay_manual_mares, uniq_pikel,
          uniq_grinder, uniq_menkaure
D:7:      layout_cave_pods, nicolae_overflow_hidden_temple,
          nicolae_overflow_hallway_of_the_gods, enter_bailey_2
D:8:      layout_gridville, tso_oasis_becter, st_stairs_9,
          introduction_to_nature_1
Temple:   chequers_temple_sunken

Skill      XL: |  1  2  3  4  5  6  7  8  9 10 |
---------------+-------------------------------+-----
Axes           | 3 4 5 7 8 9 |  9.3
Fighting       | 4 5 6 7 9 10 | 10.7
Shields        | 3 4 5 |  5.8
Armour         | 3 4 5 |  5.7

Action                   |  1- 3 |  4- 6 |  7- 9 | 10-12 || total
-------------------------+-------+-------+-------+-------++-------
Melee: War axe           |    87 |   144 |   345 |   131 ||   707
       Tailslap          |     8 |    21 |    57 |    13 ||    99
Invok: Curse Item        |       |       |     3 |     1 ||     4
       Shatter the Chain |       |       |       |     1 ||     1
 Abil: Rolling Charge    |    10 |    23 |    36 |     7 ||    76
  Use: Scroll            |       |     3 |     1 |     1 ||     5
       Potion            |       |       |     1 |       ||     1
 Stab: Distracted        |       |       |     1 |       ||     1
Armor: Scale mail        |    43 |    35 |   120 |       ||   198
       Chain mail        |       |       |    23 |    79 ||   102
Dodge: Dodged            |    38 |    51 |   223 |    50 ||   362
Block: Buckler           |    17 |    23 |   100 |    21 ||   161
